[Event "Titled Tuesday Blitz June 27 Early 2023"]
[White "Kourkoulos-Arditis, Stamatis"]
[Black "Talibov, Shiroghlan"]
[WhiteFideId "4221990"]
[BlackFideId "13429078"]
[WhiteElo "2675"]
[BlackElo "2821"]
[Result "1/2-1/2"]
[Round "4"]
[TimeControl "180+2"]
[Date "2023.06.27"]
[WhiteClock "0:00:04"]
[BlackClock "0:00:55"]
[Board "31"]

1. c4 e6 2. g3 d5 3. Bg2 g6 4. Nf3 Bg7 5. O-O Nf6 6. d4 O-O 7. b3 b6 8. Bb2 Bb7 9. Nbd2 Nbd7 10. Rc1 Re8 11. e3 c5 12. Qe2 cxd4 13. exd4 Rc8 14. Ne5 Nxe5 15. dxe5 Nd7 16. Rfe1 Nc5 17. Rcd1 a5 18. h4 h5 19. Ne4 Nxe4 20. Bxe4 Qd7 21. Bg2 Red8 22. cxd5 Bxd5 23. Bxd5 exd5 24. Rd3 Qe6 25. Red1 Rd7 26. Kg2 Rcd8 27. Bd4 Bf8 28. Qe3 b5 29. Rc1 a4 30. Rdc3 Qf5 31. Rc6 Re8 32. Rb6 Bg7 33. Rxb5 axb3 34. axb3 Rde7 35. Rxd5 Bxe5 36. Bxe5 Rxe5 37. Rxe5 Rxe5 38. Qf3 Qe6 39. Rc6 Qd7 40. Qc3 Qd5+ 41. Kh2 Kh7 42. Rc7 Rf5 43. f4 Qe6 44. Rc8 Qe2+ 45. Kg1 Rf6 46. Qxf6 Qe1+ 47. Kg2 Qe2+ 48. Kg1 Qe1+ 49. Kg2 Qe2+ 50. Kg1 1/2-1/2


[Site "https://www.chess.com"]

[Event "Titled Tuesday Blitz June 27 Early 2023"]
[White "Eugene, Floryan"]
[Black "Bachmann, Axel"]
[WhiteFideId "20694784"]
[BlackFideId "3700488"]
[WhiteElo "2660"]
[BlackElo "2798"]
[Result "0-1"]
[Round "4"]
[TimeControl "180+2"]
[Date "2023.06.27"]
[WhiteClock "0:00:10"]
[BlackClock "0:00:08"]
[Board "32"]

1. b3 d5 2. Bb2 Bg4 3. g3 Nd7 4. Bg2 Ngf6 5. Nf3 e6 6. O-O Bd6 7. c4 O-O 8. d3 a5 9. a3 c6 10. Nbd2 Qe7 11. e4 dxe4 12. Nxe4 Nxe4 13. dxe4 Be5 14. Qc2 Bxf3 15. Bxf3 Rfd8 16. Bg2 Bxb2 17. Qxb2 Qf6 18. Qxf6 gxf6 19. b4 Ne5 20. b5 Nxc4 21. bxc6 bxc6 22. Rfc1 Rd4 23. Bf1 Nd2 24. Rxc6 Nxe4 25. Bg2 Rad8 26. Bxe4 Rxe4 27. Ra6 Rd5 28. Kf1 Ra4 29. Ra7 f5 30. Kg2 f4 31. g4 Rd3 32. Rc1 Rd8 33. Rcc7 Rf8 34. Rc5 Rxa3 35. Rg5+ Kh8 36. Rgxa5 Rd3 37. Ra4 e5 38. R4a5 f6 39. Re7 Rg8 40. h3 h5 41. Raa7 Rg6 42. Re8+ Rg8 43. Ree7 Rg6 44. Rh7+ Kg8 45. Rxh5 Rd8 46. Rhh7 Re8 47. Rhe7 Rxe7 48. Rxe7 Kf8 49. Ra7 f5 50. Kf3 Rg5 51. Ra5 Kf7 52. Rxe5 fxg4+ 53. hxg4 Rxe5 54. Kxf4 Ra5 55. Kg3 Kg6 56. f4 Ra4 57. Kf3 Ra3+ 58. Ke4 Rg3 59. g5 Rg1 60. Ke5 Re1+ 61. Kd6 Kf5 62. g6 Re6+ 63. Kd7 Rxg6 0-1


[Site "https://www.chess.com"]

[Event "Titled Tuesday Blitz June 27 Early 2023"]
[White "Do Valle Cardoso, Lucas"]
[Black "Sowul, Bartosz"]
[WhiteFideId "2163144"]
[BlackFideId "1137590"]
[WhiteElo "2787"]
[BlackElo "2590"]
[Result "0-1"]
[Round "4"]
[TimeControl "180+2"]
[Date "2023.06.27"]
[WhiteClock "0:00:14"]
[BlackClock "0:00:16"]
[Board "33"]

1. e4 c5 2. Nf3 d6 3. Nc3 Nf6 4. d4 cxd4 5. Nxd4 Nc6 6. Bc4 e6 7. Bb3 a6 8. f4 Na5 9. f5 Nxb3 10. axb3 Be7 11. O-O O-O 12. Qd3 Qc7 13. Kh1 Bd7 14. Qh3 e5 15. Nde2 Bc6 16. Bg5 b5 17. Bxf6 Bxf6 18. b4 a5 19. Qd3 axb4 20. Rxa8 Rxa8 21. Nd5 Bxd5 22. Qxd5 Rc8 23. c3 Qc4 24. Re1 h5 25. h3 Bh4 26. Qxc4 Rxc4 27. g3 Bg5 28. h4 Bd2 29. Rd1 bxc3 30. bxc3 Bxc3 31. Rxd6 b4 32. Kg2 b3 33. Nxc3 Rxc3 34. Rb6 Rc2+ 35. Kf3 b2 36. Rb7 f6 37. g4 hxg4+ 38. Kxg4 Re2 39. Kh5 Kh7 40. Rb3 Rxe4 41. Rxb2 Rf4 42. Rb7 Rxf5+ 43. Kg4 Rf1 44. Kg3 Kg6 45. Rb2 Rf4 46. Rb7 Rf1 47. Kg2 Rf4 48. Kg3 Rd4 49. Kf3 Rxh4 50. Kg3 Rh7 51. Kg4 Rh1 52. Rb6 Rg1+ 53. Kf3 Kf5 54. Rb5 g5 55. Kf2 Rc1 56. Kf3 Rc3+ 57. Ke2 Kf4 58. Kd2 Rh3 59. Rb4+ e4 60. Ke2 f5 61. Kf1 Rh2 62. Rb2 Rxb2 0-1


[Site "https://www.chess.com"]

[Event "Titled Tuesday Blitz June 27 Early 2023"]
[White "Soham Kamotra"]
[Black "Sevian, Samuel"]
[WhiteFideId "46647490"]
[BlackFideId "2040506"]
[WhiteElo "2651"]
[BlackElo "3065"]
[Result "1/2-1/2"]
[Round "4"]
[TimeControl "180+2"]
[Date "2023.06.27"]
[WhiteClock "0:00:08"]
[BlackClock "0:00:12"]
[Board "34"]

1. d4 Nf6 2. Bf4 d5 3. e3 c5 4. Nf3 Qb6 5. Nc3 e6 6. Nb5 Na6 7. a4 Be7 8. Be2 O-O 9. O-O Bd7 10. a5 Qd8 11. Ne5 c4 12. Nxd7 Qxd7 13. Nc3 Bb4 14. Be5 Bxc3 15. bxc3 Ne4 16. Qe1 f6 17. f3 Nd6 18. Bg3 Rae8 19. Qd2 Nb8 20. e4 Nc6 21. a6 b5 22. Rab1 Rb8 23. Qf4 Rfd8 24. Qg4 Rb6 25. Rfe1 f5 26. Qh4 fxe4 27. Bxd6 Qxd6 28. fxe4 Rf8 29. Bf3 b4 30. exd5 exd5 31. cxb4 Rxb4 32. c3 Rb3 33. Qg5 Rd8 34. Rbc1 Ra3 35. Rc2 h6 36. Qf5 Ne7 37. Qe6+ Qxe6 38. Rxe6 Nc8 39. Rb2 Nb6 40. Rb5 Rxc3 41. Rexb6 axb6 42. Bxd5+ Rxd5 43. Rxd5 Ra3 44. Rd8+ Kf7 45. Rc8 b5 46. Rc5 Rxa6 47. Rxb5 Rc6 48. Rb1 Ke6 49. Kf2 c3 50. Ke3 c2 51. Rc1 Kd5 52. Kd3 h5 53. Rxc2 Rxc2 54. Kxc2 Kxd4 55. Kd2 Ke4 56. Ke2 Kf4 57. Kf2 g6 58. g3+ Ke4 59. Ke2 g5 60. h3 g4 61. h4 Kd4 62. Kd2 Ke4 63. Ke2 Kd4 64. Kd2 Ke4 65. Ke2 1/2-1/2


[Site "https://www.chess.com"]

[Event "Titled Tuesday Blitz June 27 Early 2023"]
[White "Oparin, Grigoriy"]
[Black "Karttunen, Mika"]
[WhiteFideId "24125890"]
[BlackFideId "502081"]
[WhiteElo "3027"]
[BlackElo "2655"]
[Result "1-0"]
[Round "4"]
[TimeControl "180+2"]
[Date "2023.06.27"]
[WhiteClock "0:00:25"]
[BlackClock "0:00:00"]
[Board "35"]

1. c4 c5 2. Nf3 Nc6 3. Nc3 Nf6 4. d4 cxd4 5. Nxd4 g6 6. g3 Bg7 7. Bg2 O-O 8. O-O d6 9. Nxc6 bxc6 10. Bg5 Rb8 11. Qd2 c5 12. b3 Bb7 13. e4 Re8 14. Rad1 Qc7 15. Rfe1 Bc6 16. h4 h5 17. Bf4 Ng4 18. Re2 Bd4 19. Nd5 Qd8 20. Bg5 f6 21. Be3 Nxe3 22. Nxe3 e5 23. Nc2 Kg7 24. Kh2 Bd7 25. Rf1 a5 26. f4 Bg4 27. Bf3 Bxf3 28. Rxf3 Rb7 29. f5 Rh8 30. fxg6 Kxg6 31. Ne3 Bxe3 32. Qxe3 a4 33. Ref2 axb3 34. axb3 Rf7 35. Rf5 Qa5 36. Rg5+ Kh7 37. Rxh5+ Kg8 38. Rhf5 Qd8 39. Ra2 Kg7 40. Qf3 Rg8 41. Ra6 Kf8 42. Qd3 Rd7 43. Qd5 Qe7 44. Ra8+ Rd8 45. Rxd8+ Qxd8 46. Qe6 Rg6 47. Rf2 Qe7 48. Qf5 Kg7 49. Ra2 Qf7 50. Qc8 Kh6 51. Rf2 Rg8 52. Qf5 Rg6 53. Kh3 Qg7 54. g4 1-0


[Site "https://www.chess.com"]

[Event "Titled Tuesday Blitz June 27 Early 2023"]
[White "Weishaeutel, Moritz"]
[Black "Sjugirov, Sanan"]
[WhiteFideId "12967300"]
[BlackFideId "4189302"]
[WhiteElo "2650"]
[BlackElo "2965"]
[Result "0-1"]
[Round "4"]
[TimeControl "180+2"]
[Date "2023.06.27"]
[WhiteClock "0:00:12"]
[BlackClock "0:01:47"]
[Board "36"]

1. e4 c5 2. d4 cxd4 3. c3 d3 4. Bxd3 Nc6 5. Nf3 g6 6. O-O Bg7 7. c4 d6 8. h3 Nf6 9. Nc3 O-O 10. Be3 Be6 11. Qe2 Rc8 12. Rac1 Nd7 13. Rfd1 Qa5 14. Nd5 Rfe8 15. b3 Nde5 16. Nxe5 dxe5 17. b4 Qd8 18. f4 exf4 19. Bxf4 Bxd5 20. cxd5 Nxb4 21. Bb5 Rxc1 22. Rxc1 Qb6+ 23. Kh1 Rf8 24. Bc7 Qd4 25. Rc4 Qa1+ 26. Kh2 Nxa2 27. e5 Nc3 28. Qe1 Qxe1 0-1


[Site "https://www.chess.com"]

[Event "Titled Tuesday Blitz June 27 Early 2023"]
[White "Papasimakopoulos, Alexandros"]
[Black "Makarian, Rudik"]
[WhiteFideId "4244125"]
[BlackFideId "44105681"]
[WhiteElo "2649"]
[BlackElo "2960"]
[Result "1-0"]
[Round "4"]
[TimeControl "180+2"]
[Date "2023.06.27"]
[WhiteClock "0:01:12"]
[BlackClock "0:00:35"]
[Board "37"]

1. d4 Nf6 2. c4 c6 3. Nc3 d5 4. cxd5 cxd5 5. Bf4 Nc6 6. e3 Bf5 7. Qb3 Na5 8. Qa4+ Bd7 9. Qc2 e6 10. Nf3 Rc8 11. Bd3 Be7 12. h3 Nc4 13. O-O O-O 14. Ne5 b5 15. a3 a5 16. Qe2 Qb6 17. Nxd7 Nxd7 18. a4 b4 19. Nb5 Nd6 20. Rac1 g6 21. Nxd6 Bxd6 22. Bh6 Rfd8 23. Ba6 Ra8 24. Bb5 Bf8 25. Rc6 Qb7 26. Bf4 Rac8 27. Rfc1 Rxc6 28. Bxc6 Qa7 29. Bxd7 Qxd7 30. Qb5 Qxb5 31. axb5 Bd6 32. Bxd6 Rxd6 33. Ra1 Rb6 34. Rxa5 Kf8 35. Kf1 Ke7 36. Ke2 Rb8 37. Kd2 Kd6 38. Kc2 Rc8+ 39. Kb3 Rc1 40. Ra6+ Kd7 41. Ra7+ Kd6 42. Rxf7 h5 43. h4 Rc8 44. Kxb4 Rc4+ 45. Ka5 Rc2 46. b3 Ra2+ 47. Kb4 Ra1 48. b6 Ra6 49. Kb5 Ra3 50. b4 e5 51. b7 1-0


[Site "https://www.chess.com"]

[Event "Titled Tuesday Blitz June 27 Early 2023"]
[White "Sanal, Vahap"]
[Black "Kaidanov, Gregory"]
[WhiteFideId "6300545"]
[BlackFideId "2008564"]
[WhiteElo "2949"]
[BlackElo "2645"]
[Result "1-0"]
[Round "4"]
[TimeControl "180+2"]
[Date "2023.06.27"]
[WhiteClock "0:00:44"]
[BlackClock "0:00:00"]
[Board "38"]

1. e4 e5 2. Nc3 Nf6 3. f4 d5 4. fxe5 Nxe4 5. Qf3 f5 6. d3 Nxc3 7. bxc3 d4 8. Be2 Nc6 9. Qg3 Be6 10. Nf3 dxc3 11. Be3 Qd7 12. O-O O-O-O 13. Qe1 Bb4 14. Rb1 Ba5 15. a4 h6 16. h4 Rhf8 17. Qg3 Qf7 18. Qf4 Rg8 19. h5 Bb6 20. Bxb6 axb6 21. Rf2 g5 22. hxg6 Rxg6 23. Nh4 Rg5 24. Bf3 Nd4 25. a5 b5 26. Ra1 Qe7 27. a6 bxa6 28. Rxa6 Qb4 29. Rf1 Nxf3+ 30. Qxf3 Qd4+ 31. Qf2 Qxf2+ 32. Kxf2 Kd7 33. Nf3 Bd5 34. Nxg5 hxg5 35. Rh1 Re8 36. Rh7+ Re7 37. Rxe7+ Kxe7 38. g3 b4 39. Ke3 c5 40. Ra5 Ke6 41. Rxc5 Kxe5 42. Rb5 f4+ 43. gxf4+ gxf4+ 44. Ke2 b3 45. cxb3 c2 46. Rc5 Kd4 47. Rxc2 Bxb3 48. Rc8 Bd5 49. Rf8 f3+ 50. Kd2 Bc6 51. Rf4+ Ke5 52. Ke3 Bd5 53. d4+ Ke6 54. Kd2 Kd6 55. Ke1 Ke6 56. Kf2 Kd6 57. Kg3 Ke6 58. Kh4 Kd6 59. Kg5 Ke6 60. Rf6+ Ke7 61. Kf5 Kd7 62. Ke5 Bb7 63. d5 Ke7 64. Rxf3 Kd7 65. Rf7+ Kc8 66. d6 Ba6 67. d7+ Kc7 68. Ke6 Bb5 69. Ke7 Bxd7 70. Rf1 Bc6 71. Rc1 Kb7 72. Kd6 Bb5 73. Rb1 Kb6 74. Rb2 Ka6 75. Kc5 Be8 76. Rb8 Bd7 77. Rb6+ Ka7 78. Rb4 Be8 79. Re4 Bg6 80. Re7+ Kb8 81. Kc6 Bh5 82. Rb7+ Ka8 83. Rh7 Bf3+ 84. Kb6 Bg4 85. Rh8+ 1-0


[Site "https://www.chess.com"]

[Event "Titled Tuesday Blitz June 27 Early 2023"]
[White "Daneshvar, Bardiya"]
[Black "Ahmad, Khagan"]
[WhiteFideId "12576468"]
[BlackFideId "13431552"]
[WhiteElo "2945"]
[BlackElo "2628"]
[Result "1-0"]
[Round "4"]
[TimeControl "180+2"]
[Date "2023.06.27"]
[WhiteClock "0:00:37"]
[BlackClock "0:00:00"]
[Board "39"]

1. b3 Nf6 2. Bb2 e6 3. g3 d5 4. Bg2 Bd6 5. Nf3 c6 6. O-O Qe7 7. d3 Nbd7 8. Nbd2 O-O 9. e4 e5 10. Re1 d4 11. Nc4 Bb4 12. Re2 b5 13. a3 bxc4 14. axb4 cxb3 15. c3 dxc3 16. Bxc3 c5 17. Qxb3 a6 18. Qa3 Rd8 19. bxc5 Qxc5 20. Nxe5 Qxa3 21. Rxa3 Bb7 22. Nc4 Nc5 23. Re3 Ng4 24. Rf3 Nxd3 25. Ba5 Bxe4 26. Bxd8 Rxd8 27. Rfxd3 Bxd3 28. Nb6 Bb5 29. Ra1 h5 30. Nd5 Rd7 31. h3 Ne5 32. Nb4 Nd3 33. Nc2 Re7 34. Nd4 g6 35. Bf1 Rd7 36. Nxb5 axb5 37. Rb1 b4 38. Rb3 Ne5 39. Rxb4 Kg7 40. Kg2 Rd2 41. Rb3 Nc6 42. Rc3 Nd4 43. Bd3 Ne6 44. Bc4 Nc5 45. Rf3 f6 46. h4 Ne4 47. Rf4 f5 48. Ba6 Kf6 49. Bb7 Ke5 50. Bxe4 fxe4 51. Rf8 Ra2 52. Kf1 Rb2 53. Kg1 Ra2 54. Kh2 e3 55. Kg2 1-0


[Site "https://www.chess.com"]

[Event "Titled Tuesday Blitz June 27 Early 2023"]
[White "Lenderman, Aleksandr"]
[Black "Jia, Haoxiang"]
[WhiteFideId "2021285"]
[BlackFideId "8602999"]
[WhiteElo "2939"]
[BlackElo "2625"]
[Result "1/2-1/2"]
[Round "4"]
[TimeControl "180+2"]
[Date "2023.06.27"]
[WhiteClock "0:01:40"]
[BlackClock "0:00:37"]
[Board "40"]

1. Nf3 c5 2. b3 b6 3. Bb2 Bb7 4. g3 Nf6 5. Bg2 e6 6. O-O Be7 7. c4 O-O 8. Nc3 d6 9. d4 cxd4 10. Qxd4 Nbd7 11. Rfd1 a6 12. Qf4 Qb8 13. Qe3 Re8 14. Nd4 Bxg2 15. Kxg2 Ne5 16. f4 Qb7+ 17. Kg1 Neg4 18. Qf3 Qxf3 19. exf3 Ne3 20. Rd3 e5 21. Nc6 exf4 22. gxf4 Nf5 23. Nd5 Nxd5 24. Rxd5 Nh4 25. Kf2 Bf8 26. Rg1 Rac8 27. Nd4 Ng6 28. Nf5 Nxf4 29. Nh6+ Kh8 30. Nxf7+ Kg8 31. Nh6+ Kh8 32. Nf7+ Kg8 33. Nh6+ Kh8 34. Nf7+ 1/2-1/2


[Site "https://www.chess.com"]

[Event "Titled Tuesday Blitz June 27 Early 2023"]
[White "Aldokhin, Ivan"]
[Black "Suleymanli, Aydin"]
[WhiteFideId "24115720"]
[BlackFideId "13413937"]
[WhiteElo "2624"]
[BlackElo "2933"]
[Result "0-1"]
[Round "4"]
[TimeControl "180+2"]
[Date "2023.06.27"]
[WhiteClock "0:00:00"]
[BlackClock "0:00:11"]
[Board "41"]

1. e4 c5 2. Nf3 d6 3. d4 cxd4 4. Nxd4 Nf6 5. Nc3 Nc6 6. Bc4 e6 7. Bb3 Bd7 8. Be3 Be7 9. Qe2 Na5 10. O-O-O a6 11. g4 h6 12. h4 h5 13. g5 Ng4 14. f3 Nxe3 15. Qxe3 b5 16. f4 b4 17. Nce2 Qb6 18. Qf3 g6 19. Rhf1 Rc8 20. f5 Rf8 21. Qd3 e5 22. fxg6 fxg6 23. Rxf8+ Bxf8 24. Ne6 Bb5 25. Qf3 Be7 26. Ng7+ Kd8 27. Qf7 Qc6 28. Ne6+ Kd7 29. N2d4 Nxb3+ 30. axb3 exd4 31. Nxd4 Qxe4 32. Rd2 Rf8 33. Qxf8 Bxf8 0-1


[Site "https://www.chess.com"]

[Event "Titled Tuesday Blitz June 27 Early 2023"]
[White "Baskakov, Egor"]
[Black "Chen, Justin"]
[WhiteFideId "24197866"]
[BlackFideId "2098199"]
[WhiteElo "2902"]
[BlackElo "2621"]
[Result "1-0"]
[Round "4"]
[TimeControl "180+2"]
[Date "2023.06.27"]
[WhiteClock "0:01:11"]
[BlackClock "0:00:00"]
[Board "42"]

1. e4 e5 2. Nc3 Nf6 3. g3 d5 4. exd5 Nxd5 5. Bg2 Nxc3 6. bxc3 Bc5 7. d3 O-O 8. Ne2 Nc6 9. Rb1 Bb6 10. O-O Bf5 11. h3 Qd7 12. g4 Bg6 13. Ng3 Rad8 14. Be3 Rfe8 15. Qd2 f6 16. c4 Nd4 17. Kh1 c6 18. a4 Qc7 19. f4 Kh8 20. f5 Bf7 21. Ne4 c5 22. Qf2 Ba5 23. g5 fxg5 24. Nxg5 b6 25. f6 g6 26. Qh4 h5 27. Be4 Nxc2 28. Nxf7+ Qxf7 29. Bh6 Kh7 30. Qxh5 1-0


[Site "https://www.chess.com"]

[Event "Titled Tuesday Blitz June 27 Early 2023"]
[White "Steinberg, Nitzan"]
[Black "Jaskolka, Tomasz"]
[WhiteFideId "2801795"]
[BlackFideId "1170791"]
[WhiteElo "2889"]
[BlackElo "2621"]
[Result "1-0"]
[Round "4"]
[TimeControl "180+2"]
[Date "2023.06.27"]
[WhiteClock "0:00:58"]
[BlackClock "0:00:05"]
[Board "43"]

1. Nf3 d5 2. g3 Nd7 3. Bg2 e5 4. d3 Ngf6 5. O-O Bd6 6. c4 c6 7. Nc3 O-O 8. Bg5 h6 9. Bxf6 Nxf6 10. cxd5 cxd5 11. Rc1 Be6 12. Nd2 a6 13. e4 Bb4 14. Qb3 Bxc3 15. Qxc3 d4 16. Qa3 Qd7 17. Rc5 Qd6 18. f4 Ng4 19. f5 b6 20. Rcc1 Qxa3 21. bxa3 Bd7 22. Nc4 b5 23. Nb6 Ra7 24. Rc5 f6 25. Rfc1 Ne3 26. Bf3 Be8 27. Nd5 Bf7 28. Nxe3 dxe3 29. R1c2 Rd8 30. Be2 Rd4 31. h4 Ra4 32. Rc8+ Kh7 33. h5 Rxa3 34. Rf8 Bxa2 35. Rcc8 g5 36. hxg6+ Kg7 37. Rh8 Bg8 38. Rcxg8# 1-0


[Site "https://www.chess.com"]

[Event "Titled Tuesday Blitz June 27 Early 2023"]
[White "Al-Tarboush, Ward"]
[Black "Seo, Jung Min"]
[WhiteFideId "7601450"]
[BlackFideId "1734687"]
[WhiteElo "2620"]
[BlackElo "2871"]
[Result "1-0"]
[Round "4"]
[TimeControl "180+2"]
[Date "2023.06.27"]
[WhiteClock "0:02:54"]
[BlackClock "0:01:58"]
[Board "44"]

1. e4 c5 2. Nf3 d6 3. d4 cxd4 4. Nxd4 Nf6 5. Nc3 a6 6. h3 e6 7. g4 h6 8. Bg2 Be7 9. Be3 Nc6 10. Nxc6 bxc6 11. e5 Nd5 12. exd6 Qxd6 13. Ne4 Qb4+ 14. Bd2 Qxb2 15. c4 Nb4 16. O-O O-O 17. Rb1 Qa3 18. Rb3 Qa4 19. Rxb4 Qxd1 20. Rxd1 1-0


[Site "https://www.chess.com"]

[Event "Titled Tuesday Blitz June 27 Early 2023"]
[White "Bacrot, Etienne"]
[Black "Elgersma, Onno"]
[WhiteFideId "605506"]
[BlackFideId "1053531"]
[WhiteElo "2870"]
[BlackElo "2619"]
[Result "1-0"]
[Round "4"]
[TimeControl "180+2"]
[Date "2023.06.27"]
[WhiteClock "0:00:12"]
[BlackClock "0:00:08"]
[Board "45"]

1. e4 c6 2. Nf3 d5 3. d3 dxe4 4. dxe4 Qxd1+ 5. Kxd1 Nf6 6. Nfd2 h5 7. a4 h4 8. a5 g6 9. f3 Bh6 10. Nc4 Bxc1 11. Kxc1 O-O 12. Nc3 Kg7 13. Be2 Nh5 14. Rd1 f6 15. Bf1 Na6 16. Ne3 Nc7 17. Na4 b6 18. b3 Be6 19. Kb2 Rab8 20. Rd2 Nf4 21. Rad1 f5 22. g3 Nh5 23. exf5 gxf5 24. gxh4 Nf4 25. Rd4 Nfd5 26. Nxd5 Nxd5 27. axb6 axb6 28. Re1 Bf7 29. c4 b5 30. cxd5 bxa4 31. Rxa4 Bxd5 32. Bc4 Kf6 33. Bxd5 cxd5 34. Ra6+ Kf7 35. Re5 Rg8 36. Rxf5+ Ke8 37. Rg5 Rf8 38. Rg3 Kd7 39. Ra7+ Kd6 40. Rg6+ Kc5 41. Rc7+ Kb4 42. Rg4+ Kb5 43. f4 d4 44. Rxe7 Rfd8 45. Rg5+ Kb4 46. h5 Rb6 47. h6 Rxh6 48. Rb7+ Rb6 49. Rxb6# 1-0


[Site "https://www.chess.com"]

[Event "Titled Tuesday Blitz June 27 Early 2023"]
[White "Vdovin, Vadim"]
[Black "Galchenko, Matvey"]
[WhiteFideId "24107158"]
[BlackFideId "24175480"]
[WhiteElo "2618"]
[BlackElo "2865"]
[Result "0-1"]
[Round "4"]
[TimeControl "180+2"]
[Date "2023.06.27"]
[WhiteClock "0:00:00"]
[BlackClock "0:02:05"]
[Board "46"]

1. e4 e6 2. d4 d5 3. Nc3 Bb4 4. e5 Ne7 5. a3 Bxc3+ 6. bxc3 c5 7. Qg4 cxd4 8. Bd3 Qa5 9. Rb1 Qxc3+ 10. Bd2 Qc7 11. Nf3 Nbc6 12. O-O Bd7 13. Rfe1 O-O-O 0-1


[Site "https://www.chess.com"]

[Event "Titled Tuesday Blitz June 27 Early 2023"]
[White "Megalios, Konstantinos"]
[Black "Samadov, Read"]
[WhiteFideId "4238044"]
[BlackFideId "13417444"]
[WhiteElo "2618"]
[BlackElo "2865"]
[Result "1-0"]
[Round "4"]
[TimeControl "180+2"]
[Date "2023.06.27"]
[WhiteClock "0:00:17"]
[BlackClock "0:00:35"]
[Board "47"]

1. d4 Nf6 2. c4 g6 3. Nc3 Bg7 4. e4 d6 5. Nf3 O-O 6. Be2 e5 7. d5 a5 8. Bg5 h6 9. Bh4 Na6 10. Nd2 Qe8 11. a3 Bd7 12. b3 Nh7 13. O-O Bf6 14. Bxf6 Nxf6 15. Qc2 Qe7 16. Qb2 Kg7 17. b4 b6 18. Rae1 h5 19. Nd1 h4 20. h3 Rh8 21. Ne3 g5 22. Bg4 Nxg4 23. hxg4 Qf6 24. g3 axb4 25. axb4 Rh7 26. Nf5+ Bxf5 27. exf5 Qh6 28. Kg2 Rah8 29. Rh1 h3+ 30. Kh2 Nb8 31. Ne4 Nd7 32. Ra1 Nf6 33. f3 Rc8 34. Ra7 Nxe4 35. fxe4 c6 36. Rc1 Qf6 37. b5 cxd5 38. cxd5 Rhh8 39. Rc6 Ra8 40. Qa3 Rxa7 41. Qxa7 Qd8 42. Rc7 Qf6 43. Qxb6 Ra8 44. Ra7 Rc8 45. Rc7 Ra8 46. Rc2 Ra3 47. Qc7 Qh6 48. b6 Rb3 49. b7 Qh8 50. Qc8 Rxb7 51. Qxb7 Qd8 52. Rc7 Qe8 53. Kxh3 Kf6 54. Kg2 Qf8 55. Kf3 Qe8 56. Ke3 Kg7 57. Kd3 Kf6 58. Rxf7+ Qxf7 59. Qxf7+ Kxf7 60. Kc4 Ke7 61. Kb5 Kd7 62. Kb6 1-0


[Site "https://www.chess.com"]

[Event "Titled Tuesday Blitz June 27 Early 2023"]
[White "Mekhitarian, Krikor Sevag"]
[Black "Ganiev, Roman"]
[WhiteFideId "2107660"]
[BlackFideId "4131452"]
[WhiteElo "2851"]
[BlackElo "2616"]
[Result "1-0"]
[Round "4"]
[TimeControl "180+2"]
[Date "2023.06.27"]
[WhiteClock "0:00:18"]
[BlackClock "0:00:02"]
[Board "48"]

1. Nf3 Nf6 2. c4 b6 3. d4 e6 4. Nc3 Bb7 5. e3 d5 6. Bd2 Be7 7. Bd3 O-O 8. O-O dxc4 9. Bxc4 c5 10. dxc5 Bxc5 11. Qe2 Qe7 12. a3 Nc6 13. b4 Bd6 14. Nb5 Ne5 15. Nxd6 Nxf3+ 16. gxf3 Qxd6 17. Rfd1 Qe5 18. e4 Qh5 19. Qe3 Rac8 20. Rac1 Rfd8 21. Bf1 e5 22. Be2 Rxc1 23. Rxc1 h6 24. Rc7 Qg6+ 25. Kf1 Rd7 26. Rxd7 Nxd7 27. Bd3 Qd6 28. Ke2 Nf6 29. f4 exf4 30. Qxf4 Qxf4 31. Bxf4 Nxe4 32. Bb8 a6 33. Bc7 b5 34. Ke3 Nf6 35. Kd4 Ng4 36. Bg3 g6 37. Kc5 Nf6 38. Kb6 Bc8 39. Kc7 Be6 40. Kb7 Bc4 41. Bxc4 bxc4 42. Kxa6 Nd5 43. Be5 f6 44. Bd4 c3 45. b5 c2 46. Bb2 Kf7 47. b6 Ke7 48. b7 Nc7+ 49. Ka5 Kd7 50. b8=Q Nd5 51. Qb5+ 1-0


[Site "https://www.chess.com"]

[Event "Titled Tuesday Blitz June 27 Early 2023"]
[White "Colas, Joshua"]
[Black "Molina, Roberto Junio Brito"]
[WhiteFideId "2044447"]
[BlackFideId "2109450"]
[WhiteElo "2610"]
[BlackElo "2850"]
[Result "1-0"]
[Round "4"]
[TimeControl "180+2"]
[Date "2023.06.27"]
[WhiteClock "0:00:06"]
[BlackClock "0:00:06"]
[Board "49"]

1. Nf3 d5 2. c4 c6 3. g3 dxc4 4. Bg2 b5 5. O-O Bb7 6. a4 a6 7. b3 cxb3 8. Qxb3 Nd7 9. d4 e6 10. Nc3 Ngf6 11. Rd1 Be7 12. Ne5 Qb6 13. Bf4 O-O 14. a5 Qa7 15. Bxc6 Nxe5 16. Bxb7 Qxb7 17. dxe5 Nd7 18. f3 g5 19. Be3 Nxe5 20. Ne4 h6 21. Bd4 Nc4 22. Rac1 Rac8 23. Bf6 Qa7+ 24. Kh1 Rfd8 25. Qc3 Bxf6 26. Nxf6+ Kf8 27. Nh7+ Ke7 28. Qf6+ Ke8 29. Qh8+ Ke7 30. Qf6+ Ke8 31. Qg7 Ke7 32. Qxh6 Qe3 33. Qf6+ Ke8 34. Nxg5 Ne5 35. Nxe6 fxe6 36. Qxe6+ Kf8 37. Rxc8 Rxc8 38. Qxc8+ Ke7 39. Qc7+ Kf6 40. Qb6+ Kf5 41. Qxe3 1-0


[Site "https://www.chess.com"]

[Event "Titled Tuesday Blitz June 27 Early 2023"]
[White "Maximov, Dmitry"]
[Black "MKlose11"]
[WhiteFideId "14105659"]
[WhiteElo "2839"]
[BlackElo "2610"]
[Result "1-0"]
[Round "4"]
[TimeControl "180+2"]
[Date "2023.06.27"]
[WhiteClock "0:00:54"]
[BlackClock "0:00:13"]
[Board "50"]

1. e4 e6 2. d4 d5 3. e5 c5 4. c3 Nc6 5. Nf3 Qb6 6. a3 f6 7. Bd3 fxe5 8. Nxe5 Nxe5 9. dxe5 Ne7 10. O-O c4 11. Bc2 g6 12. Nd2 Bg7 13. Nf3 O-O 14. Qe2 Bd7 15. Bg5 Rf7 16. Rab1 Raf8 17. Nd4 Nc6 18. Nxc6 bxc6 19. Be3 Qc7 20. f4 Rb8 21. Bc5 Bf8 22. Qe3 Bxc5 23. Qxc5 Qb6 24. Qxb6 Rxb6 25. g4 Rf8 26. Rf2 Rfb8 27. Bd1 c5 28. Bf3 d4 29. Rd2 d3 30. Kf2 Rb3 31. Ke3 Rxc3 32. Bd1 Rxa3 33. Rc1 c3 34. bxa3 cxd2 35. Rxc5 Rb1 36. Kxd2 Bb5 37. a4 Ba6 38. Rc6 Bb7 39. Rxe6 Be4 40. Rd6 Kf7 41. a5 Ra1 42. a6 Ke7 43. h4 h6 44. h5 gxh5 45. gxh5 Bf5 46. Rxh6 Ra2+ 47. Kc3 Ra3+ 48. Kd4 Ra4+ 49. Bxa4 1-0


[Site "https://www.chess.com"]

[Event "Titled Tuesday Blitz June 27 Early 2023"]
[White "Spata, German"]
[Black "Harsh Suresh"]
[WhiteFideId "113026"]
[BlackFideId "45018464"]
[WhiteElo "2607"]
[BlackElo "2816"]
[Result "0-1"]
[Round "4"]
[TimeControl "180+2"]
[Date "2023.06.27"]
[WhiteClock "0:00:00"]
[BlackClock "0:01:07"]
[Board "51"]

1. Nf3 Nf6 2. e3 g6 3. b4 Bg7 4. Bb2 O-O 5. Be2 d5 6. O-O c6 7. c4 a5 8. a3 axb4 9. axb4 Rxa1 10. Bxa1 dxc4 11. Bxc4 Nbd7 12. d4 Nb6 13. Bd3 Bg4 14. Nbd2 Qd6 15. Qb3 Ra8 16. h3 Bxf3 17. Nxf3 Nfd5 18. b5 Ra3 19. Qb1 Qb4 20. bxc6 bxc6 21. Be4 Bf6 22. Rc1 Kg7 23. Qxb4 Nxb4 24. Bb2 Rb3 25. Ba1 N6d5 26. Nd2 Ra3 27. Nc4 Ra2 28. Bc3 Nxc3 29. Rxc3 c5 30. Rb3 Na6 31. d5 Ra1+ 32. Kh2 Ra4 33. Nb6 Rxe4 0-1


[Site "https://www.chess.com"]

[Event "Titled Tuesday Blitz June 27 Early 2023"]
[White "Fridman, Daniel"]
[Black "Ingebretsen, Jens E"]
[WhiteFideId "11600454"]
[BlackFideId "1522965"]
[WhiteElo "2816"]
[BlackElo "2603"]
[Result "1-0"]
[Round "4"]
[TimeControl "180+2"]
[Date "2023.06.27"]
[WhiteClock "0:01:09"]
[BlackClock "0:00:17"]
[Board "52"]

1. d4 Nf6 2. Nf3 e6 3. c4 d5 4. g3 Bb4+ 5. Nc3 O-O 6. Bg2 dxc4 7. O-O c5 8. dxc5 Qxd1 9. Rxd1 Bxc5 10. Ne5 Nbd7 11. Nxc4 Ng4 12. Ne4 Be7 13. Ned6 Nge5 14. Nxe5 Nxe5 15. Bf4 Ng6 16. Nxc8 Raxc8 17. Bxb7 Rc2 18. Rd2 Rxd2 19. Bxd2 Rb8 20. Bf3 Rxb2 21. Be3 a5 22. Kf1 Rb8 23. Rc1 h6 24. a4 Rb4 25. Bc6 Ne5 26. Bb5 Ng4 27. Bd2 Rb2 28. Bc3 Ra2 29. h3 Nf6 30. Bxa5 Nd5 31. Be1 Ba3 32. Rb1 Bc5 33. a5 Kf8 34. Bc4 Ra4 35. Bxd5 exd5 36. Rb5 Rc4 37. Rxc5 1-0


[Site "https://www.chess.com"]